 Dungeon Crawl Stone Soup version 0.30.1-11-g7821555f0a (webtiles) character file.

Game seed: 9970872911761796220

30 Peloso the Covered (level 3, -1/33 HPs)
             Began as a Minotaur Fighter on Jan 14, 2024.
             Slain by a hobgoblin (2 damage)
             ... on level 2 of the Dungeon.
             The game lasted 00:01:07 (698 turns).

Peloso the Covered (Minotaur Fighter)                Turns: 698, Time: 00:01:07

Health: -1/33      AC:  7    Str: 20    XL:     3   Next: 5%
Magic:  2/2        EV:  9    Int:  5    God:
Gold:   74         SH:  4    Dex: 11    Spells: 2/2 levels left

rFire   . . .        a - +0 long sword
rCold   . . .        c - +0 buckler
rNeg    . . .        b - +0 scale mail
rPois   .            (helmet restricted)
rElec   .            (no cloak)
rCorr   .            (no gloves)
SInv    .            (no boots)
Will    .....        (no amulet) Stlth
                     (no ring)
HPRegen 0.25/turn    (no ring)
MPRegen 0.08/turn

%: no passive effects
@: lethally poisoned (-1 -> -2)
A: horns 2, retaliatory headbutt
a: no special abilities


You were on level 2 of the Dungeon.
You visited 1 branch of the dungeon, and saw 2 of its levels.

You collected 74 gold pieces.

Inventory:

Hand Weapons
 a - a +0 long sword (weapon)
Armour
 b - a +0 scale mail (worn)
 c - a +0 buckler (worn)
Jewellery
 f - an amulet of reflection
Scrolls
 e - a scroll of magic mapping {unknown}
 h - a scroll of poison {unknown}
 i - a scroll of amnesia {unknown}
 j - a scroll of immolation {unknown}
 k - a scroll of enchant weapon {unknown}
Potions
 d - a potion of might


   Skills:
 + Level 3.8 Fighting
 + Level 2.7 Long Blades
 + Level 4.5 Armour
 + Level 3.9 Shields


You had 2 spell levels left.
You didn't know any spells.
Your spell library contained the following spells:

 Spells                   Type           Power      Damage    Failure   Level
 Ensorcelled Hibernation  Hex/Ice        0%         N/A       95%         2
 Passwall                 Tmut/Erth      0%         N/A       95%         2
 Sublimation of Blood     Necr           0%         N/A       95%         2
 Wereblood                Tmut           0%         N/A       95%         2
 Swiftness                Air            0%         N/A       99%         3
 Summon Hydra             Summ           0%         N/A       100%        7


Dungeon Overview and Level Annotations

Branches:
Dungeon (2/15)

Altars:


Innate Abilities, Weirdness & Mutations

You have a pair of horns on your head.
You reflexively headbutt those who attack you in melee.


Message History

The adder poisons you!
You miss the adder. Your headbutt misses the adder.
The adder is severely wounded.
* * * LOW HITPOINT WARNING * * *
You feel very sick. The goblin hits you but does no damage.
The kobold closely misses you. You block the adder's attack.
You barely miss the adder. You headbutt the adder.
You kill the adder!
* * * LOW HITPOINT WARNING * * *
You feel very sick. The goblin hits you but does no damage.
The kobold hits you with a +0 club.
* * * LOW HITPOINT WARNING * * *
The goblin hits you but does no damage. You block the kobold's attack.
A giant cockroach comes into view.
You have reached level 3!
Your experience leads to an increase in your attributes!
Increase (S)trength, (I)ntelligence, or (D)exterity?
You feel agile. x2
Unknown command.
You miss the kobold.
The kobold is moderately wounded.
* * * LOW HITPOINT WARNING * * *
You feel sick. The goblin closely misses you. You block the kobold's attack.
Unknown command.
You slash the kobold!
You kill the kobold!
* * * LOW HITPOINT WARNING * * *
You feel sick. The goblin hits you but does no damage.
Unknown command.
You closely miss the goblin.
* * * LOW HITPOINT WARNING * * *
You feel sick.
The hobgoblin hits you but does no damage.
The goblin hits you but does no damage.
Unknown command.
You closely miss the goblin.
* * * LOW HITPOINT WARNING * * *
You feel sick. The goblin closely misses you. The hobgoblin hits you.
You die...

#...#.# .....> # .
#...# .+ ..
#####...##.## #.
#...........P ..
#........♣ .#.#.
#<.##.#P♣♣
......#####+##...♣
#.#.#g@........P♣
......)g........♣♣
.#.#.#..........PP
# #.$........♣♣
#....?...#..PP
###########..# ###


You could see a hobgoblin and a goblin.

Vanquished Creatures
  An adder (D:2)
  An orc (D:2)
  2 endoplasms (D:1)
  2 goblins (D:1)
  A quokka (D:1)
  3 ball pythons (D:1)
  A bat (D:1)
  2 frilled lizards (D:1)
  5 kobolds
  2 rats (D:1)
20 creatures vanquished.

Notes
Turn   | Place    | Note
-------+----------+-------------------------------------------
     0 | D:1      | Peloso the Minotaur Fighter began the quest for the Orb.
     0 | D:1      | Reached XP level 1. HP: 19/19 MP: 0/0
   231 | D:1      | Reached XP level 2. HP: 20/27 MP: 1/1
   267 | D:1      | Reached skill level 4 in Armour
   695 | D:2      | Reached XP level 3. HP: 5/33 MP: 2/2
   698 | D:2      | HP: 1/33 [poisoned by an adder]
   698 | D:2      | Slain by a hobgoblin

Illustrated notes

Levels and vault maps discovered:
D:1:      nagdon_arrival_double_spiral, layout_loops_cross
D:2:      layout_basic, serial_forest, infiniplex_forest_clump_medium,
          infiniplex_forest_end_3, infiniplex_forest_clump_curved,
          infiniplex_forest_end_2, infiniplex_forest_clump_tiny,
          infiniplex_forest_clump_small, st_stairs_11

Skill      XL: |  1  2 |
---------------+-------+-----
Armour         | 4 |  4.5
Fighting       | |  3.8
Long Blades    | |  2.7
Shields        | |  3.9

Action                     || total
---------------------------++-------
  Melee: Long sword        ||    43
         Headbutt          ||     5
    Use: Potion            ||     1
 Armour: Scale mail        ||    29
  Dodge: Dodged            ||    21
  Block: Buckler           ||    12
